 Dungeon Crawl Stone Soup version 0.21-a0-584-g185da8e (webtiles) character file.

1714 slep the Chopper (level 8, -1/61 HPs)
             Began as a Demonspawn Gladiator on Dec 21, 2017.
             Shot with an arrow by a centaur (5 damage)
             ... on level 7 of the Dungeon.
             The game lasted 00:19:22 (4831 turns).

slep the Chopper (Demonspawn Gladiator)             Turns: 4831, Time: 00:19:22

Health: -1/61      AC:  8    Str: 15    XL:     8   Next: 74%
Magic:  8/8        EV: 14    Int:  9    God:
Gold:   359        SH:  0    Dex: 17    Spells: 7/7 levels left

rFire    + . .     SeeInvis .   b - +6 hunting sling of the Thirsty Places {freeze, rPois rN+++}
rCold    . . .     Gourm    .   (no shield)
rNeg     + + +     Faith    .   D - +0 leather armour
rPois    +         Spirit   .   E - +0 hat
rElec    .         Reflect  .   (no cloak)
rCorr    .         Harm     .   g - +0 pair of gloves
MR       .....                  (no boots)
Stlth    +++.......             (no amulet)
HPRegen  0.20/turn              (no ring)
MPRegen  0.11/turn              o - ring of protection from fire

@: no status effects
A: horns 1, iridescent scales 2, nightstalker 1, spiny 1
a: no special abilities


You were on level 7 of the Dungeon.
You were not hungry.

You visited 1 branch of the dungeon, and saw 7 of its levels.
You also visited: Sewer.

You collected 359 gold pieces.

Inventory:

Hand Weapons
 a - a +0 war axe
 b - the +6 hunting sling of the Thirsty Places (weapon) {freeze, rPois rN+++}
   (You found it on level 5 of the Dungeon)

   It causes projectiles fired from it to freeze those they strike, causing
   extra injury to most foes and up to half again as much damage against
   particularly susceptible opponents.
   They can also slow down cold-blooded creatures.
   It protects you from poison.
   It renders you almost immune to negative energy.
Missiles
 d - 3 throwing nets
 m - 11 sling bullets (quivered)
Armour
 c - a +0 helmet
 g - a +0 pair of gloves (worn)
 D - a +0 leather armour (worn)
 E - a +0 hat (worn)
Jewellery
 i - an uncursed ring of fire
 o - a ring of protection from fire (right hand)
 x - an uncursed ring of flight {unknown}
 B - an uncursed amulet of rage {unknown}
Wands
 y - a wand of flame (33)
 A - a wand of polymorph (14)
 G - a wand of enslavement (12)
Scrolls
 e - 9 scrolls of identify {unknown}
 j - 2 scrolls of blinking {unknown}
 k - 4 scrolls of remove curse {unknown}
 n - 4 scrolls of immolation {unknown}
 q - a scroll of enchant armour {unknown}
 r - a scroll of enchant weapon {unknown}
 s - 4 scrolls of fear {unknown}
 t - 4 scrolls of magic mapping {unknown}
 v - 2 scrolls of amnesia {unknown}
 w - a scroll of random uselessness {unknown}
Potions
 h - 3 potions of curing
 l - a potion of mutation {unknown}
 u - 3 potions of heal wounds {unknown}
 z - 3 potions of agility {unknown}
 F - a potion of lignification {unknown}
Comestibles
 f - 12 rations
 p - 3 chunks of flesh


   Skills:
 + Level 4.5 Fighting
 + Level 7.9 Axes
 + Level 1.0(1.5) Slings
 + Level 1.8(2.0) Throwing
 + Level 2.8 Armour
 + Level 4.2 Dodging
 + Level 3.7 Stealth


You had 7 spell levels left.
You didn't know any spells.

Dungeon Overview and Level Annotations

Branches:
Dungeon (7/15)
 Temple: D:4-7

Altars:
Qazlal
Sif Muna
Yredelemnul

Shops:
D:5 :

Annotations:
D:6 lunkers's ghost, novice NaBe


Innate Abilities, Weirdness & Mutations

You have a pair of small horns on your head.
You are mostly covered in iridescent scales. (AC +4)
You are slightly more attuned to the shadows.
You are partially covered in sharp spines.


Message History

Firing (i - inventory. (,) - cycle):
m - 9 sling bullets (quivered)
Press: ? - help, Shift-Dir - straight line, f/p - wight
Aim: a wight, wielding a falchion and wearing a robe (heavily damaged)
You shoot a sling bullet. The sling bullet hits the wight!
You destroy the wight!
Your Slings skill increases to level 1!
Things that are here:
a falchion; a robe
m - 10 sling bullets (gained 2)
Things that are here:
a spear; a robe
m - 11 sling bullets (gained 1)
Found a mace.
Found a stone staircase leading down.
A centaur comes into view.
The centaur shouts!
The centaur wields a shortbow.
The centaur shoots an arrow.
The arrow hits you.
* * * LOW HITPOINT WARNING * * *
The centaur shoots an arrow.
The arrow hits you.
You die...

#..c...#
......# .....
.. #.... .
#...# .#
.###...###.#
......@....#
####.....###
###.###.######
..# #.....)#
###.###.####>#
##.....#
#..#.#####
###........#
#≈#....###.#


You could see a centaur.

Vanquished Creatures
  Sigmund (D:5)
  A phantom (D:7)
  An ice beast (D:7)
  A sky beast (D:5)
  Blork the orc (D:6)
  3 bullfrogs
  A scorpion (D:5)
  A water moccasin skeleton (D:5)
  2 wights (D:7)
  A hound (D:7)
  3 orc priests
  10 orc wizards
  Ijyb (D:5)
  A worker ant (D:5)
  A worker ant zombie (D:5)
  3 gnolls (D:5)
  16 adders
  15 oozes
  An adder zombie (D:5)
  3 worms
  A dart slug (D:1)
  11 leopard geckos
  17 orcs
  16 giant cockroaches
  11 goblins
  6 hobgoblins
  7 kobolds
  A quokka (D:4)
  8 ball pythons (Sewer)
  8 bats
  20 frilled lizards
  6 rats
179 creatures vanquished.

Vanquished Creatures (others)
  An orc wizard (D:7)
  A leopard gecko (D:7)
  2 orcs (D:7)
4 creatures vanquished.

Grand Total: 183 creatures vanquished

Notes
Turn   | Place    | Note
-------+----------+-------------------------------------------
     0 | D:1      | slep the Demonspawn Gladiator began the quest for the Orb.
     0 | D:1      | Reached XP level 1. HP: 16/16 MP: 1/1
    79 | D:1      | Gained mutation: You are slightly more attuned to the shadows. [demonic ancestry]
    79 | D:1      | Reached XP level 2. HP: 16/22 MP: 2/2
   187 | D:1      | Reached skill level 3 in Axes
   594 | D:1      | Gained mutation: You are partially covered in sharp spines. [demonic ancestry]
   594 | D:1      | Reached XP level 3. HP: 26/28 MP: 3/3
  1025 | D:2      | You fall through a shaft!
  1044 | D:3      | Reached XP level 4. HP: 27/34 MP: 4/4
  1090 | D:3      | Reached skill level 1 in Stealth
  1375 | D:3      | Reached skill level 4 in Axes
  1386 | D:3      | Found a glowing drain.
  1390 | Sewer    | Entered a sewer
  1449 | Sewer    | Reached XP level 5. HP: 14/39 MP: 5/5
  1449 | Sewer    | Reached skill level 1 in Armour
  1847 | Sewer    | Gained mutation: You are partially covered in iridescent scales. (AC +2) [demonic ancestry]
  1847 | Sewer    | Reached XP level 6. HP: 37/46 MP: 6/6
  1854 | Sewer    | Reached skill level 5 in Axes
  3106 | D:4      | Gained mutation: You have a pair of small horns on your head. [demonic ancestry]
  3106 | D:4      | Reached XP level 7. HP: 31/52 MP: 7/7
  3731 | D:5      | Entered Level 5 of the Dungeon
  3806 | D:5      | Reached skill level 6 in Axes
  3917 | D:5      | Found a stormy altar of Qazlal.
  3966 | D:5      | Found a basalt altar of Yredelemnul.
  4003 | D:5      | Noticed Sigmund
  4012 | D:5      | Killed Sigmund
  4142 | D:5      | Found Ydyph's Book Shop.
  4206 | D:5      | Found a deep blue altar of Sif Muna.
  4246 | D:5      | Gained mutation: You are mostly covered in iridescent scales. (AC +4) [demonic ancestry]
  4246 | D:5      | Reached XP level 8. HP: 53/60 MP: 8/8
  4256 | D:5      | Got a polished hunting sling
  4257 | D:5      | Identified the +6 hunting sling of the Thirsty Places {freeze, rPois rN+++} (You found it on level 5 of the Dungeon)
  4423 | D:5      | Noticed Ijyb
  4426 | D:5      | Killed Ijyb
  4496 | D:5      | Reached skill level 7 in Axes
  4641 | D:5      | Got a fine dagger
  4687 | D:6      | Noticed Blork the orc
  4714 | D:6      | Killed Blork the orc
  4716 | D:6      | Noticed lunkers's ghost (novice NaBe)
  4800 | D:7      | HP: 3/61 [ice beast (8)]
  4816 | D:7      | Reached skill level 1 in Slings
  4831 | D:7      | Shot with an arrow by a centaur

Vault maps used:
D:1:      dpeg_arrival_simpleton_a
D:3:      gup_sewer_entry_bowl
D:4:      first_ration
D:5:      yredelemnul_altar_generic, led_sif_pool, overflow_temple_1_default,
          serial_shops, kennysheep_mini, uniq_ijyb, uniq_sigmund
D:6:      uniq_blork_the_orc
D:7:      lemuel_ratsnest, minmay_temple_entry_butterflies, serial_aquarium,
          aquarium_bridge_square, aquarium_window_fake,
          aquarium_window_corridor_2, aquarium_view_2d, aquarium_view_2a,
          aquarium_balcony_3a
Sewer:    sewer_frog_island_02

Skill      XL: |  1  2  3  4  5  6  7  8 |
---------------+-------------------------+-----
Axes           | 3 4 5 6 7 |  7.9
Dodging        | 3 4 |  4.2
Stealth        | 1 2 3 |  3.7
Armour         | 1 2 |  2.8
Fighting       | 3 4 |  4.5
Slings         | 1 |  1.0
Throwing       | |  1.8

Action                   |  1- 3 |  4- 6 |  7- 9 || total
-------------------------+-------+-------+-------++-------
Melee: War axe           |    88 |   172 |   139 ||   399
       Headbutt          |       |       |    35 ||    35
 Fire: Hunting sling     |       |       |     9 ||     9
  Use: Potion            |       |       |     2 ||     2
 Stab: Sleeping          |     2 |     7 |     5 ||    14
       Invisible         |       |       |     6 ||     6
  Eat: Chunk             |       |     7 |     6 ||    13
Armor: Leather armour    |    31 |    55 |    38 ||   124
Dodge: Dodged            |    54 |   152 |    84 ||   290

Table legend:
 A = Spawn XP
 B = Non-spawn XP
 C = Spawn XP percentage of total XP
 D = Spawn monster count
 E = Non-spawn monster count
 F = Spawn count percentage of total count
 G = Total turns spent on level
                    A         B        C        D         E        F      G
               +---------+---------+-------+---------+---------+-------+---------
         Total |       0 |    2449 |   0.0 |       0 |     180 |   0.0 |  4831
               +---------+---------+-------+---------+---------+-------+---------
           D:1 |       0 |      48 |   0.0 |       0 |      27 |   0.0 |   942
           D:2 |       0 |      84 |   0.0 |       0 |      23 |   0.0 |   654
           D:3 |       0 |      70 |   0.0 |       0 |      12 |   0.0 |   524
           D:4 |       0 |     315 |   0.0 |       0 |      23 |   0.0 |  1119
           D:5 |       0 |     754 |   0.0 |       0 |      21 |   0.0 |   940
           D:6 |       0 |      91 |   0.0 |       0 |       1 |   0.0 |    48
           D:7 |       0 |     680 |   0.0 |       0 |      17 |   0.0 |   112
         Sewer |       0 |     407 |   0.0 |       0 |      56 |   0.0 |   492
               +---------+---------+-------+---------+---------+-------+---------
